 Dungeon Crawl Stone Soup version 0.29-a0-553-g81b289dbe5 (webtiles) character file.

Game seed: 14658601953690459327

18 Querens the Shield-Bearer (level 2, -1/24 HPs)
             Began as a Formicid Fighter on June 6, 2022.
             Slain by a quokka (3 damage)
             ... on level 1 of the Dungeon.
             The game lasted 00:01:16 (171 turns).

Querens the Shield-Bearer (Formicid Fighter)         Turns: 171, Time: 00:01:16

Health: -1/24      AC:  6    Str: 18 (20) XL:     2   Next: 90%
Magic:  2/2        EV:  9    Int:  4 (7)  God:
Gold:   14         SH:  4    Dex:  7 (10) Spells: 1/1 levels left

rFire   . . .      SeeInvis +   a - +0 war axe
rCold   . . .      Faith    .   c - +0 buckler
rNeg    . . .      Spirit   .   b - +0 scale mail
rPois   .          Reflect  .   (helmet unavailable)
rElec   .          Harm     .   (no cloak)
rCorr   .          Rampage  .   (no gloves)
Will    .....                   (no boots)
Stlth   ..........              (no amulet)
HPRegen 0.08/turn               (no ring)
MPRegen 0.08/turn               (no ring)

@: mighty
A: permanent stasis, dig shafts and tunnels, antennae 3, four strong arms
a: Dig, Shaft Self


You were on level 1 of the Dungeon.
You visited 1 branch of the dungeon, and saw 1 of its levels.

You collected 14 gold pieces.

Inventory:

Hand Weapons
 a - a +0 war axe (weapon)
Armour
 b - a +0 scale mail (worn)
 c - a +0 buckler (worn)
Scrolls
 f - a scroll of identify {unknown}


   Skills:
 + Level 3.5 Fighting
 + Level 2.3 Axes
 + Level 3.5 Armour
 + Level 4.3 Shields


You had one spell level left.
You didn't know any spells.
Your spell library was empty.

Dungeon Overview and Level Annotations

Branches:
Dungeon (1/15)

Altars:


Innate Abilities, Weirdness & Mutations

You cannot be hasted, slowed, berserked, paralysed or teleported.
You can dig through walls and to a lower floor.
You have a pair of large antennae on your head. (SInv)
Your four strong arms can wield two-handed weapons with a shield.


Message History

The kobold hits you with a +0 club. The quokka bites you.
* * * LOW HITPOINT WARNING * * *
The kobold hits you but does no damage. You block the goblin's attack.
You barely miss the quokka. You miss the kobold. You barely miss the goblin.
The quokka barely misses you. The goblin barely misses you.
You block the kobold's attack. The quokka closely misses you.
The goblin completely misses you.
You closely miss the goblin. You closely miss the kobold. You hit the quokka.
The kobold hits you but does no damage. You block the quokka's attack.
The goblin hits you with a +1 dagger of speed.
* * * LOW HITPOINT WARNING * * *
You block the goblin's attack. The kobold hits you with a +0 club.
* * * LOW HITPOINT WARNING * * *
The quokka bites you.
* * * LOW HITPOINT WARNING * * *
It was a potion of degeneration.
There was something very wrong with that liquid.
You feel weakened.
You feel dopey.
You feel clumsy. The goblin hits you but does no damage.
The quokka barely misses you. The kobold hits you with a +0 club.
* * * LOW HITPOINT WARNING * * *
The goblin hits you but does no damage. The goblin attacks as you move away!
The goblin misses you. The quokka attacks as you move away!
The quokka bites you but does no damage.
The quokka attacks as you move away! The quokka misses you.
The quokka closely misses you.
You hit the quokka but do no damage.
The quokka is lightly wounded.
The quokka bites you but does no damage.
You hit the quokka.
The quokka is moderately wounded.
The quokka bites you but does no damage.
The quokka barely misses you.
You feel very mighty all of a sudden.
The quokka bites you but does no damage.
You barely miss the quokka.
The quokka is moderately wounded.
The quokka bites you.
You die...

...... ..... #........
....# .. ##........
..###..# .......... ..#...#
#......... ....# #.........
.### #)........
.#################K..#.....
................@rg.†......
.##########.....####.......
.# #####....##### .......
.###.....#### .......
###..##### ....... ....##
....... ##### #......
#.....


You could see a quokka, a goblin and a kobold.

Vanquished Creatures
  2 bats (D:1)
  2 endoplasms (D:1)
  4 hobgoblins (D:1)
  4 jackals (D:1)
  A ball python (D:1)
  A goblin (D:1)
  A rat (D:1)
15 creatures vanquished.

Notes
Turn   | Place    | Note
-------+----------+-------------------------------------------
     0 | D:1      | Querens the Formicid Fighter began the quest for the Orb.
     0 | D:1      | Reached XP level 1. HP: 18/18 MP: 1/1
    15 | D:1      | Reached XP level 2. HP: 17/24 MP: 2/2
   164 | D:1      | HP: 1/24 [kobold/+0 club (1)]
   171 | D:1      | Slain by a quokka

Illustrated notes

Levels and vault maps discovered:
D:1:      dreamdust_arrival_sigmund_warning, layout_rooms,
          kennysheep_nondescript

Action                   || total
-------------------------++-------
Melee: War axe           ||    36
  Use: Potion            ||     2
Armor: Scale mail        ||    39
Dodge: Dodged            ||    52
Block: Buckler           ||    14

Table legend: (Time is in decaauts)
 A = Elapsed time spent in this place.
 B = Non-inter-level travel time spent in this place.
 C = Inter-level travel time spent in this place.
 D = Time resting spent in this place.
 E = Time spent auto-exploring this place.
 F = Levels seen in this place.
 G = Mean time per level.
                   A        B        C        D        E       F      G
               +--------+--------+--------+--------+--------+-----+--------+
         Total |    186 |    186 |      0 |      0 |      0 |   1 |  186.0 |
       Dungeon |    186 |    186 |      0 |      0 |      0 |   1 |  186.0 |
               +--------+--------+--------+--------+--------+-----+--------+

Top non-repeatable levels by time:
     D:1: 186 daAuts
